 Dungeon Crawl Stone Soup version 0.28-a0-265-g048bc9fd10 (webtiles) character file.

Game seed: 2889710480471843554

79 theanonym the Sneak (level 4, 0/35 HPs)
             Began as a Mummy Delver on Aug 27, 2021.
             Slain by Crazy Yiuf (10 damage)
             ... on level 3 of the Dungeon.
             The game lasted 00:02:22 (2944 turns).

theanonym the Sneak (Mummy Delver)                  Turns: 2944, Time: 00:02:23

Health: 0/35       AC:  9    Str: 16    XL:     4   Next: 16%
Magic:  4/4        EV:  7    Int:  9    God:
Gold:   90         SH:  0    Dex: 13    Spells: 3/3 levels left

rFire   x . .      SeeInvis .   a - +0 spear
rCold   + . .      Faith    .   (no shield)
rNeg    + + +      Spirit   .   j - +0 chain mail
rPois   ∞          Reflect  .   d - +0 helmet
rElec   .          Harm     .   (no cloak)
rCorr   .          Rampage  .   (no gloves)
Will    .....                   (no boots)
Stlth   ..........              (no amulet)
HPRegen 0.11/turn               (no ring)
MPRegen 0.09/turn               (no ring)

@: no status effects
A: cold resistance 1, negative energy resistance 3, torment resistance 2, heat
vulnerability 1, no potions
a: no special abilities


Innate Abilities, Weirdness & Mutations

You are immune to poison.
Your flesh is cold resistant. (rC+)
You are immune to negative energy. (rN+++)
You are immune to unholy pain and torment.
You are vulnerable to heat. (rF-)
You do not drink.


   Skills:
 + Level 3.5 Fighting
 * Level 2.8 Polearms
 + Level 1.3 Armour
 - Level 1.5 Dodging
 - Level 4.1 Stealth


You had 3 spell levels left.
You didn't know any spells.
Your spell library contained the following spells:

 Spells                   Type           Power      Damage    Failure   Level
 Gell's Gravitas          Tloc           0%         N/A       100%        3
 Portal Projectile        Hex/Tloc       0%         N/A       100%        3
 Teleport Other           Tloc           0%         N/A       100%        3
 Excruciating Wounds      Necr           0%         N/A       100%        5
 Dispersal                Tloc           0%         N/A       100%        6
 Blade Hands              Tmut           Unusable   N/A       N/A         5

Skill      XL: |  1  2  3 |
---------------+----------+-----
Polearms       | 2 |  2.8
Armour         | 1 |  1.3
Fighting       | |  3.5
Dodging        | |  1.5
Stealth        | |  4.1

Action                   |  1- 3 |  4- 6 || total
-------------------------+-------+-------++-------
Melee: Spear             |   161 |    34 ||   195
 Stab: Sleeping          |     4 |       ||     4
Armor: Leather armour    |     9 |       ||     9
       Chain mail        |    61 |     6 ||    67
       Ring mail         |     7 |       ||     7
Dodge: Dodged            |    52 |     8 ||    60

Inventory:

Hand Weapons
 a - a +0 spear (weapon)
Armour
 b - a +0 leather armour
 d - a +0 helmet (worn)
 h - a +0 ring mail
 j - a +0 chain mail (worn)
Magical Staves
 i - a staff of fire
Wands
 c - a wand of digging (3)
Scrolls
 e - 2 scrolls of fear
 f - 2 scrolls of fog
 g - 2 scrolls of identify {unknown}
 k - a scroll of enchant armour {unknown}
 l - 2 scrolls of teleportation {unknown}
 n - a scroll of amnesia {unknown}
 y - 2 scrolls of magic mapping
Miscellaneous
 m - a piece from Xom's chessboard (15/15)


You were on level 3 of the Dungeon.
You visited 1 branch of the dungeon, and saw 5 of its levels.

You collected 90 gold pieces.

Dungeon Overview and Level Annotations

Branches:
Dungeon (5/15)
 Temple: D:4-7

Altars:
Uskayaw
Xom

Annotations:
D:3 Crazy Yiuf, Grinder

######## ##########
##....#.### ### #.........
##..)...#..##...# ##########
#...)..####@g...# #.##..
#..)..## ###..)# ####...#.#
#.##### ### #.##...#.. #.#
#.##.P.#.. #.# #.###.###.
#.#################.#######.
###......)............#.....#.
#.......>...................#.
#.####.##..........#.......)#.


You could see Crazy Yiuf.

Notes
Turn   | Place    | Note
-------+----------+-------------------------------------------
     0 | D:5      | theanonym the Mummy Delver began the quest for the Orb.
     0 | D:5      | Reached XP level 1. HP: 18/18 MP: 1/1
    53 | D:3      | Noticed a +0 short sword
    53 | D:3      | Noticed a +0 falchion
    53 | D:3      | Noticed a +0 falchion
    53 | D:3      | Noticed a +0 short sword
    53 | D:3      | Noticed a +0 dagger
    63 | D:3      | Found a hide-covered altar of Uskayaw.
    64 | D:3      | Noticed a +0 spear
    65 | D:3      | Noticed a +0 spear
    67 | D:3      | Noticed a +0 dagger
   176 | D:3      | Found a runed translucent door.
   177 | D:3      | Noticed Crazy Yiuf
   517 | D:1      | Found a faded altar of an unknown god.
   642 | D:1      | Reached skill level 2 in Polearms
   642 | D:1      | Reached XP level 2. HP: 24/24 MP: 2/2
  1370 | D:2      | Reached XP level 3. HP: 28/29 MP: 3/3
  1428 | D:2      | Found a shimmering altar of Xom.
  1529 | D:2      | Reached skill level 1 in Armour
  2038 | D:3      | Reached XP level 4. HP: 27/35 MP: 4/4
  2193 | D:3      | Found a shimmering altar of Xom.
  2331 | D:3      | Noticed Grinder
  2364 | D:3      | HP: 17/35 [Grinder (4)]
  2944 | D:3      | HP: 10/35 [Crazy Yiuf (13)]
  2944 | D:3      | Slain by Crazy Yiuf

Vanquished Creatures
  4 adders
  A dart slug (D:3)
  3 ball pythons
  3 bats
  4 endoplasms
  5 giant cockroaches
  3 hobgoblins
  4 quokkas
  3 frilled lizards
  2 goblins
  3 kobolds
  4 rats
39 creatures vanquished.

Table legend: (Time is in decaauts)
 A = Elapsed time spent in this place.
 B = Non-inter-level travel time spent in this place.
 C = Inter-level travel time spent in this place.
 D = Time resting spent in this place.
 E = Time spent auto-exploring this place.
 F = Levels seen in this place.
 G = Mean time per level.
                   A        B        C        D        E       F      G
               +--------+--------+--------+--------+--------+-----+--------+
         Total |   2943 |   2785 |    158 |    245 |   2165 |   5 |  588.6 |
       Dungeon |   2943 |   2785 |    158 |    245 |   2165 |   5 |  588.6 |
               +--------+--------+--------+--------+--------+-----+--------+

Top non-repeatable levels by time:
     D:3: 1061 daAuts
     D:2: 1029 daAuts
     D:1: 825 daAuts
     D:4: 21 daAuts
     D:5: 5 daAuts
